 Dungeon Crawl Stone Soup version 0.28.0-47-ge53b351184 (console) character file.

Game seed: 13782900765053449455

392 Cab the Chopper (level 6, -2/47 HPs)
             Began as a Demonspawn Fighter on May 4, 2022.
             Slain by an ice beast (9 damage)
             ... on level 5 of the Dungeon.
             The game lasted 00:07:19 (3500 turns).

Cab the Chopper (Demonspawn Fighter)                Turns: 3500, Time: 00:07:20

Health: -2/47      AC:  8    Str: 18    XL:     6   Next: 50%
Magic:  6/6        EV:  9    Int: 10    God:
Gold:   189        SH:  4    Dex: 12    Spells: 5/5 levels left

rFire   + . .      SeeInvis .   a - +0 war axe
rCold   . . .      Faith    .   c - +0 buckler
rNeg    . . .      Spirit   .   b - +0 scale mail
rPois   .          Reflect  .   (no helmet)
rElec   .          Harm     .   (no cloak)
rCorr   .          Rampage  .   (no gloves)
Will    .....                   (no boots)
Stlth   ..........              (no amulet)
HPRegen 0.15/turn               l - ring of protection from fire
MPRegen 0.10/turn               (no ring)

@: no status effects
A: claws 1, icy blue scales 1
a: no special abilities


You were on level 5 of the Dungeon.
You visited 1 branch of the dungeon, and saw 5 of its levels.

You collected 189 gold pieces.

Inventory:

Hand Weapons
 a - a +0 war axe (weapon)
Armour
 b - a +0 scale mail (worn)
 c - a +0 buckler (worn)
Jewellery
 d - a ring of fire
 l - a ring of protection from fire (left claw)
Wands
 k - a wand of flame (12)
Scrolls
 f - a scroll of teleportation
 m - a scroll of noise
Potions
 e - a potion of invisibility {unknown}
 h - a potion of curing {unknown}
 i - 2 potions of haste {unknown}


   Skills:
 - Level 3.0 Fighting
 + Level 6.4 Axes
 - Level 2.6 Armour
 - Level 2.6 Shields


You had 5 spell levels left.
You didn't know any spells.
Your spell library contained the following spells:

 Spells                   Type           Power      Damage    Failure   Level
 Ensorcelled Hibernation  Hex/Ice        0%         N/A       94%         2
 Passwall                 Tmut/Erth      0%         N/A       94%         2
 Dazzling Flash           Conj/Hex       0%         N/A       99%         3
 Swiftness                Air            0%         N/A       99%         3
 Animate Armour           Summ/Erth      0%         N/A       100%        4
 Agony                    Necr           0%         N/A       100%        5
 Blade Hands              Tmut           0%         N/A       100%        5
 Silence                  Hex/Air        0%         N/A       100%        5
 Iron Shot                Conj/Erth      0%         9d1       100%        6


Dungeon Overview and Level Annotations

Branches:
Dungeon (5/15)             Temple (0/1) D:4

Altars:
Nemelex Xobeh
Zin

Annotations:
D:4 Dowan, Duvessa


Innate Abilities, Weirdness & Mutations

You have sharp fingernails.
You are partially covered in icy blue scales. (AC +2)


Message History

The necrophage is heavily damaged.
The necrophage hits you.
* * * LOW HITPOINT WARNING * * *
You barely miss the necrophage.
The necrophage is heavily damaged.
The necrophage barely misses you. The necrophage hits you.
* * * LOW HITPOINT WARNING * * *
You hit the necrophage.
The necrophage is severely damaged.
The necrophage hits you but does no damage.
You slash the necrophage!
You destroy the necrophage!
Your life force feels restored.
An ice beast comes into view.
You see here a scroll of teleportation.
f - a scroll of teleportation
Aiming: Throw Flame
Press: ? - help, Shift-Dir - straight line, f - ice beast
Aim: an ice beast (68% to hit)
The puff of flame hits the ice beast!
The ice beast melts!
The ice beast is moderately wounded.
Aiming: Throw Flame
Press: ? - help, Shift-Dir - straight line, f/p - ice beast
Aim: an ice beast (moderately wounded, 68% to hit)
The puff of flame hits the ice beast but does no damage.
The ice beast is moderately wounded.
Aiming: Throw Flame
Press: ? - help, Shift-Dir - straight line, f/p - ice beast
Aim: an ice beast (moderately wounded, 68% to hit)
The puff of flame hits the ice beast.
The ice beast melts!
The ice beast is heavily wounded.
Aiming: Throw Flame
Press: ? - help, Shift-Dir - straight line, f/p - ice beast
Aim: an ice beast (heavily wounded, 68% to hit)
The puff of flame hits the ice beast but does no damage.
The ice beast is heavily wounded.
The ice beast hits you.
* * * LOW HITPOINT WARNING * * *
The ice beast freezes you!
You die...

∙ ∙∙ ∙∙
▒▒▒▒▒▒▒∙▒
▒∙∙@∙∙∙∙▒
■∙∙Y∙▒∙∙∙■
▒∙∙∙∙■ ∙▒
▒∙∙∙∙▒▒■▒▒▒
▒▒▒▒∙∙∙∙∙∙▒
■∙∙∙∙∙∙▒
▒∙∙∙∙∙∙▒
▒∙∙∙∙∙∙▒
▒∙∙∙∙∙∙▒


You could see an ice beast.

Vanquished Creatures
  Sigmund (D:3)
  A necrophage (D:5)
  A jelly (D:3)
  3 adders
  3 worms
  2 dart slugs
  4 orcs (D:4)
  5 endoplasms
  5 giant cockroaches
  3 hobgoblins
  2 jackals (D:1)
  6 kobolds
  2 quokkas
  5 ball pythons
  9 bats
  3 frilled lizards
  10 goblins
  15 rats
80 creatures vanquished.

Notes
Turn   | Place    | Note
-------+----------+-------------------------------------------
     0 | D:1      | Cab the Demonspawn Fighter began the quest for the Orb.
     0 | D:1      | Reached XP level 1. HP: 18/18 MP: 1/1
    43 | D:1      | Reached skill level 2 in Axes
   239 | D:1      | Gained mutation: You are partially covered in icy blue
                  | scales. (AC +2) [demonic ancestry]
   239 | D:1      | Reached XP level 2. HP: 22/24 MP: 2/2
   422 | D:1      | Found a faded altar of an unknown god.
   449 | D:1      | Reached skill level 3 in Axes
   896 | D:2      | Reached XP level 3. HP: 29/29 MP: 3/3
  1672 | D:2      | Reached skill level 4 in Axes
  1672 | D:2      | Reached XP level 4. HP: 21/35 MP: 4/4
  2154 | D:3      | Noticed Sigmund
  2166 | D:3      | Killed Sigmund
  2167 | D:3      | Reached skill level 5 in Axes
  2167 | D:3      | Reached XP level 5. HP: 13/41 MP: 5/5
  2178 | D:3      | Gained mutation: You have sharp fingernails. [demonic
                  | ancestry]
  2178 | D:3      | Reached XP level 6. HP: 17/47 MP: 6/6
  2178 | D:3      | Found a sparkling altar of Nemelex Xobeh.
  3129 | D:4      | Found a staircase to the Ecumenical Temple.
  3145 | D:4      | Reached skill level 6 in Axes
  3437 | D:4      | Noticed Dowan
  3438 | D:4      | Noticed Duvessa
  3473 | D:5      | Entered Level 5 of the Dungeon
  3486 | D:5      | Noticed an ice beast
  3500 | D:5      | Slain by an ice beast

Illustrated notes

Levels and vault maps discovered:
D:1:      dpeg_arrival_subterranean_lakeside_camping, layout_rooms,
          hellmonk_ecumenical_altar_heavens_door, serial_rivers,
          chequers_serial_rivers_large_b, chequers_serial_rivers_marsh,
          chequers_serial_rivers_marsh, chequers_serial_rivers_small_3,
          chequers_serial_rivers_small_a, minmay_crystal_room
D:2:      layout_loops_ring, minmay_parallelograms, minmay_misc_feat_columns,
          glass_columns_c
D:3:      layout_basic, mainiacjoe_overflow_large_starburst, uniq_sigmund
D:4:      layout_basic, mainiacjoe_overflow_alcove_4,
          minmay_temple_entry_stoned_glass, gup_ossuary_entry_pyramid,
          uniq_duvessa
D:5:      layout_gridville, mainiacjoe_overflow_alcove_1, uniq_grinder

Skill      XL: |  1  2  3  4  5  6 |
---------------+-------------------+-----
Axes           | 2 3 4 5 6 |  6.4
Fighting       | |  3.0
Armour         | |  2.6
Shields        | |  2.6

Action                   |  1- 3 |  4- 6 || total
-------------------------+-------+-------++-------
Melee: War axe           |   154 |    86 ||   240
       Unarmed           |       |     8 ||     8
Evoke: Wand              |       |     4 ||     4
  Use: Potion            |       |     1 ||     1
       Scroll            |       |     6 ||     6
Armor: Scale mail        |    65 |    30 ||    95
Dodge: Dodged            |    75 |    37 ||   112
Block: Buckler           |    44 |     8 ||    52
